 Dungeon Crawl Stone Soup version 0.21-a0-633-g4c047d5 (webtiles) character file.

1486 teukkam the Chopper (level 8, -5/64 HPs)
             Began as a Gnoll Wanderer on Dec 28, 2017.
             Was a Follower of Nemelex Xobeh.
             Slain by an orc warrior
             ... wielding a +0 flail
              (15 damage)
             ... on level 6 of the Dungeon.
             The game lasted 00:24:27 (5571 turns).

teukkam the Chopper (Gnoll Wanderer)                Turns: 5571, Time: 00:24:29

Health: -5/64      AC: 16    Str: 16    XL:     8   Next: 80%
Magic:  0/22       EV: 14    Int: 10    God:    Nemelex Xobeh [*.....]
Gold:   305        SH:  0    Dex: 18    Spells: 14/14 levels left

rFire    . . .     SeeInvis .   b - +1 war axe
rCold    . . .     Gourm    .   (no shield)
rNeg     . . .     Faith    .   H - +3 leather armour of the Abyss {MP+9}
rPois    .         Spirit   +   k - +0 helmet
rElec    +         Reflect  .   D - +1 cloak
rCorr    .         Harm     .   (no gloves)
MR       +....                  (no boots)
Stlth    +++.......             I - amulet of guardian spirit
HPRegen  0.20/turn              e - +1 ring of protection
MPRegen  0.18/turn              (no ring)

@: no status effects
A: distributed training, fangs 1, icy blue scales 1, thin metallic scales 2,
dopey 1, magic resistance 1, electricity resistance, evolution 1, strong nose
a: Renounce Religion


You were on level 6 of the Dungeon.
You worshipped Nemelex Xobeh.
Nemelex Xobeh was aware of your devotion.
You were not hungry.

You visited 1 branch of the dungeon, and saw 6 of its levels.

You collected 305 gold pieces.

Inventory:

Hand Weapons
 a - the +3 short sword "Iloz" {pain, rElec rF+ Str+2}
   (You found it on level 5 of the Dungeon)

   In the hands of one skilled in necromantic magic, it inflicts extra damage on
   living creatures.
   It affects your strength (+2).
   It protects you from fire.
   It insulates you from electricity.
 b - a +1 war axe (weapon)
 n - a +0 dagger of protection
 u - a +0 blowgun
 w - a +0 hunting sling
 C - a +3 hand axe of flaming
Missiles
 l - 13 bolts
 s - 2 javelins (quivered)
 t - 17 tomahawks
 v - 11 poisoned needles
 x - 248 stones
Armour
 k - a +0 helmet (worn)
 D - a +1 cloak (worn)
 H - the +3 leather armour of the Abyss (worn) {MP+9}
   (You found it on level 5 of the Dungeon)

   It affects your magic capacity (+9).
Magical Staves
 y - an uncursed staff of power
Jewellery
 e - a +1 ring of protection (left hand)
 G - an uncursed ring of ice
 I - an amulet of guardian spirit (around neck)
 L - an uncursed ring of fire
Wands
 A - a wand of random effects (21)
Scrolls
 d - 2 scrolls of fear
 i - 2 scrolls of teleportation
 o - 2 scrolls of identify {unknown}
 p - a scroll of fog {unknown}
 q - a scroll of magic mapping {unknown}
 r - 3 scrolls of remove curse
 z - 3 scrolls of enchant armour {unknown}
 E - a scroll of amnesia
 F - a scroll of enchant weapon
Potions
 g - 3 potions of brilliance
 B - a potion of haste
 J - 2 potions of flight {unknown}
 K - a potion of resistance {unknown}
Books
 m - a book of Minor Magic

   Spells                             Type                      Level
   a - Magic Dart                     Conjuration                  1
   b - Blink                          Translocation                2
   c - Call Imp                       Summoning                    2
   d - Slow                           Hexes                        2
   e - Conjure Flame                  Conjuration/Fire             3
   f - Mephitic Cloud                 Conjuration/Poison/Air       3
Miscellaneous
 c - a plain deck of destruction {drawn: 3}
Comestibles
 f - 10 rations
 j - a chunk of flesh


   Skills:
 + Level 5.8 Fighting
 + Level 3.5 Short Blades
 + Level 3.5 Long Blades
 + Level 7.5 Axes
 + Level 3.5 Maces & Flails
 + Level 3.5 Polearms
 + Level 3.5 Staves
 + Level 3.5 Slings
 + Level 3.5 Bows
 + Level 4.4 Crossbows
 + Level 3.5 Throwing
 + Level 5.8 Armour
 + Level 3.5 Dodging
 + Level 5.5 Stealth
 + Level 3.5 Shields
 + Level 3.5 Unarmed Combat
 + Level 3.5 Spellcasting
 + Level 2.9 Conjurations
 + Level 2.9 Hexes
 + Level 2.9 Charms
 + Level 2.9 Summonings
 + Level 2.9 Necromancy
 + Level 2.9 Translocations
 + Level 2.9 Transmutations
 + Level 2.9 Fire Magic
 + Level 2.9 Ice Magic
 + Level 2.9 Air Magic
 + Level 2.9 Earth Magic
 + Level 2.9 Poison Magic
 + Level 3.9 Invocations
 + Level 3.5 Evocations


You had 14 spell levels left.
You didn't know any spells.

Dungeon Overview and Level Annotations

Branches:
Dungeon (6/15)
 Temple: D:4-7

Altars:
Ashenzari
Nemelex Xobeh
Ru
Trog
Wu Jian
Xom


Innate Abilities, Weirdness & Mutations

Your experience applies equally to all skills.
You have very sharp teeth.
Your uncanny sense of smell can sniff out nearby items.
You are partially covered in icy blue scales. (AC +2)
You are mostly covered in thin metallic scales. (AC +3)
You are dopey. (Int -2)
You are resistant to hostile enchantments. (MR+)
You are resistant to electric shocks. (rElec)
You evolve.


Message History

You feel better. The orc warrior misses you.
You hit the orc warrior but do no damage.
You bite the orc warrior, but do no damage.
The orc warrior is severely wounded.
The orc warrior hits you with a flail.
You closely miss the orc warrior.
The orc warrior is severely wounded.
The orc warrior hits you with a flail!
* * * LOW HITPOINT WARNING * * *
You hit the orc warrior but do no damage.
The orc warrior is severely wounded.
The orc warrior hits you with a flail!
* * * LOW HITPOINT WARNING * * *
You hit the orc warrior.
The orc warrior is almost dead.
The orc warrior hits you with a flail!
* * * LOW HITPOINT WARNING * * *
You feel better. The orc warrior hits you with a flail!
You die...
Your body disappears without a glow.

#....................
#......).............
#...###+####....###...
####..<..###....#
#.............#
#.............#
#.............#
#.............#
#....@).......#
#..#.o.###....# ##
#...# #....# (...#
....# #....# ....#
#(?..# ..# #....#
##.###


You could see an orc warrior.

Vanquished Creatures
  Grinder (D:4)
  Sigmund (D:2)
  Edmund (D:6)
  2 ogres
  Blork the orc (D:5)
  3 crimson imps
  A quasit (D:6)
  A hound (D:5)
  4 orc wizards (D:4)
  2 orc priests
  A bullfrog skeleton (D:5)
  An iguana (D:5)
  Natasha (thrice) (D:1)
  5 worker ants
  8 adders
  An adder zombie (D:5)
  6 worms
  2 dart slugs
  4 leopard geckos
  12 orcs
  A giant cockroach (D:2)
  11 goblins
  11 hobgoblins
  9 jackals
  A quokka (D:3)
  3 ball pythons
  6 bats
  6 frilled lizards
  15 kobolds
  A quokka skeleton (D:5)
  A quokka zombie (D:5)
  6 rats
131 creatures vanquished.

Notes
Turn   | Place    | Note
-------+----------+-------------------------------------------
     0 | D:1      | teukkam the Gnoll Wanderer began the quest for the Orb.
     0 | D:1      | teukkam set off with: a +2 dagger, a scroll of fear, a +0 ring mail, a +0 hand axe, a ration
     0 | D:1      | Reached XP level 1. HP: 20/20 MP: 1/1
   120 | D:1      | Reached XP level 2. HP: 26/26 MP: 2/2
   501 | D:2      | Noticed Natasha
   501 | D:2      | Noticed Sigmund
   623 | D:1      | Reached XP level 3. HP: 28/31 MP: 3/3
   825 | D:1      | Killed Natasha
   825 | D:1      | Reached skill level 1 in Short Blades
   825 | D:1      | Reached skill level 1 in Long Blades
   825 | D:1      | Reached skill level 1 in Maces & Flails
   825 | D:1      | Reached skill level 1 in Polearms
   825 | D:1      | Reached skill level 1 in Staves
   825 | D:1      | Reached skill level 1 in Slings
   825 | D:1      | Reached skill level 1 in Bows
   825 | D:1      | Reached skill level 1 in Throwing
   825 | D:1      | Reached skill level 1 in Dodging
   825 | D:1      | Reached skill level 1 in Shields
   825 | D:1      | Reached skill level 1 in Unarmed Combat
   825 | D:1      | Reached skill level 1 in Spellcasting
   825 | D:1      | Reached skill level 1 in Invocations
   825 | D:1      | Reached skill level 1 in Evocations
  1089 | D:1      | Noticed Natasha
  1096 | D:1      | Killed Natasha
  1096 | D:1      | Reached XP level 4. HP: 32/38 MP: 5/5
  1107 | D:1      | Noticed Natasha
  1129 | D:1      | Killed Natasha
  1129 | D:1      | Reached skill level 1 in Conjurations
  1129 | D:1      | Reached skill level 1 in Hexes
  1129 | D:1      | Reached skill level 1 in Charms
  1129 | D:1      | Reached skill level 1 in Summonings
  1129 | D:1      | Reached skill level 1 in Necromancy
  1129 | D:1      | Reached skill level 1 in Translocations
  1129 | D:1      | Reached skill level 1 in Transmutations
  1129 | D:1      | Reached skill level 1 in Fire Magic
  1129 | D:1      | Reached skill level 1 in Ice Magic
  1129 | D:1      | Reached skill level 1 in Air Magic
  1129 | D:1      | Reached skill level 1 in Earth Magic
  1129 | D:1      | Reached skill level 1 in Poison Magic
  1286 | D:3      | Reached XP level 5. HP: 40/43 MP: 6/6
  1349 | D:3      | Found a bloodstained altar of Trog.
  2106 | D:4      | Reached XP level 6. HP: 32/50 MP: 8/8
  2113 | D:4      | Gained mutation: You are resistant to electric shocks. (rElec) [potion of mutation]
  2113 | D:4      | Gained mutation: You are dopey. (Int -2) [potion of mutation]
  2113 | D:4      | Gained mutation: Your body sometimes deteriorates upon taking damage. [potion of mutation]
  2113 | D:4      | Gained mutation: You are partially covered in thin metallic scales. (AC +2) [potion of mutation]
  2345 | D:4      | Reached skill level 5 in Fighting
  2345 | D:4      | Reached skill level 5 in Armour
  2858 | D:4      | Reached XP level 7. HP: 47/56 MP: 10/10
  2988 | D:4      | Noticed Grinder
  3002 | D:4      | Killed Grinder
  3002 | D:4      | Reached skill level 7 in Axes
  3352 | D:5      | Entered Level 5 of the Dungeon
  3362 | D:5      | Noticed Blork the orc
  3408 | D:5      | Killed Blork the orc
  3408 | D:5      | Reached skill level 5 in Stealth
  3580 | D:5      | Found a shimmering altar of Xom.
  3642 | D:5      | Reached XP level 8. HP: 31/63 MP: 12/12
  3801 | D:5      | Found a sparkling altar of Nemelex Xobeh.
  3807 | D:5      | Became a worshipper of Nemelex Xobeh the Trickster
  3815 | D:5      | Found a sacrificial altar of Ru.
  3890 | D:5      | Received a gift from Nemelex Xobeh
  3921 | D:5      | Lost mutation: Your body sometimes deteriorates upon taking damage. [potion of mutation]
  3921 | D:5      | Gained mutation: You are resistant to hostile enchantments. (MR+) [potion of mutation]
  3921 | D:5      | Gained mutation: You are partially covered in icy blue scales. (AC +2) [potion of mutation]
  3921 | D:5      | Gained mutation: You are mostly covered in thin metallic scales. (AC +3) [potion of mutation]
  3921 | D:5      | Gained mutation: You evolve. [potion of mutation]
  4342 | D:2      | Killed Sigmund
  4629 | D:5      | Got a fine leather armour
  4640 | D:5      | Identified the +3 leather armour of the Abyss {MP+9} (You found it on level 5 of the Dungeon)
  4877 | D:5      | Reached * piety under Nemelex Xobeh
  5047 | D:5      | Got an iridescent short sword
  5049 | D:5      | Identified the +3 short sword "Iloz" {pain, rElec rF+ Str+2} (You found it on level 5 of the Dungeon)
  5071 | D:5      | Found an ornate altar of the Wu Jian Council.
  5410 | D:6      | Found a shattered altar of Ashenzari.
  5437 | D:6      | Noticed Edmund
  5456 | D:6      | Killed Edmund
  5570 | D:6      | HP: 1/64 [orc warrior/flail (13)]
  5571 | D:6      | Slain by an orc warrior

Vault maps used:
D:1:      ncdulo_lavacross, solitary_fountain, grunt_decor_mini_mirrors,
          kennysheep_another_room
D:2:      uniq_natasha, uniq_sigmund
D:3:      minmay_diamond_boxcup, first_ration, trog_hazing_becter
D:4:      cheibrodos_greedy_goblins, uniq_grinder
D:5:      lemuel_round_altar, kennysheep_mini_moat,
          nicolae_overflow_hidden_temple, nicolae_overflow_crystal_walls,
          uniq_blork_the_orc
D:6:      overflow_temple_1_default, zin_academy, cheibrodos_ashenzari_chains,
          uniq_edmund, uniq_pikel

Skill      XL: |  1  2  3  4  5  6  7  8 |
---------------+-------------------------+-----
Short Blades   | 1 2 3 |  3.5
Long Blades    | 1 2 3 |  3.5
Maces & Flails | 1 2 3 |  3.5
Polearms       | 1 2 3 |  3.5
Staves         | 1 2 3 |  3.5
Slings         | 1 2 3 |  3.5
Bows           | 1 2 3 |  3.5
Throwing       | 1 2 3 |  3.5
Dodging        | 1 2 3 |  3.5
Shields        | 1 2 3 |  3.5
Unarmed Combat | 1 2 3 |  3.5
Spellcasting   | 1 2 3 |  3.5
Invocations    | 1 2 3 |  3.9
Evocations     | 1 2 3 |  3.5
Conjurations   | 1 2 |  2.9
Hexes          | 1 2 |  2.9
Charms         | 1 2 |  2.9
Summonings     | 1 2 |  2.9
Necromancy     | 1 2 |  2.9
Translocations | 1 2 |  2.9
Transmutations | 1 2 |  2.9
Fire Magic     | 1 2 |  2.9
Ice Magic      | 1 2 |  2.9
Air Magic      | 1 2 |  2.9
Earth Magic    | 1 2 |  2.9
Poison Magic   | 1 2 |  2.9
Crossbows      | 3 4 |  4.4
Fighting       | 5 |  5.8
Armour         | 5 |  5.8
Axes           | 7 |  7.5
Stealth        | 5 |  5.5

Action                   |  1- 3 |  4- 6 |  7- 9 || total
-------------------------+-------+-------+-------++-------
Melee: Dagger            |    33 |    91 |    53 ||   177
       Bite              |     7 |    22 |    26 ||    55
       Hand axe          |    32 |    16 |       ||    48
       War axe           |       |    76 |   112 ||   188
       Punch             |       |     1 |     4 ||     5
       Short sword       |       |       |    24 ||    24
Throw: Javelin           |       |     6 |    28 ||    34
       Throwing net      |       |       |     1 ||     1
Evoke: Wand              |       |       |     9 ||     9
       Deck              |       |       |     3 ||     3
  Use: Scroll            |     1 |     4 |       ||     5
       Potion            |     1 |     4 |     6 ||    11
 Stab: Sleeping          |     1 |     4 |     4 ||     9
       Distracted        |     1 |       |       ||     1
  Eat: Ration            |       |     2 |     2 ||     4
       Chunk             |       |       |     3 ||     3
Armor: Ring mail         |    35 |    77 |       ||   112
       Chain mail        |       |    23 |       ||    23
       Leather armour    |       |     9 |    64 ||    73
Dodge: Dodged            |    41 |   143 |   124 ||   308

Table legend:
 A = Spawn XP
 B = Non-spawn XP
 C = Spawn XP percentage of total XP
 D = Spawn monster count
 E = Non-spawn monster count
 F = Spawn count percentage of total count
 G = Total turns spent on level
                    A         B        C        D         E        F      G
               +---------+---------+-------+---------+---------+-------+---------
         Total |       0 |    2124 |   0.0 |       0 |     131 |   0.0 |  5571
               +---------+---------+-------+---------+---------+-------+---------
           D:1 |       0 |     141 |   0.0 |       0 |      24 |   0.0 |  1188
           D:2 |       0 |     282 |   0.0 |       0 |      18 |   0.0 |   440
           D:3 |       0 |     119 |   0.0 |       0 |      34 |   0.0 |   817
           D:4 |       0 |     667 |   0.0 |       0 |      31 |   0.0 |  1504
           D:5 |       0 |     532 |   0.0 |       0 |      18 |   0.0 |  1452
           D:6 |       0 |     383 |   0.0 |       0 |       6 |   0.0 |   170
               +---------+---------+-------+---------+---------+-------+---------
